 Dungeon Crawl Stone Soup version 0.14-a0-1969-g2c76abe (webtiles) character file.

204 Kae the Ruffian (level 4, -3/35 HPs)
             Began as a Draconian Transmuter on Jan 16, 2014.
             Was an Initiate of Sif Muna.
             Slain by an iguana (10 damage)
             ... on Level 3 of the Dungeon.
             The game lasted 00:02:05 (2093 turns).

Kae the Ruffian (Draconian Transmuter)              Turns: 2093, Time: 00:02:05

HP  -3/35        AC  6     Str 13      XL: 4   Next: 10%
MP   7/7         EV 12     Int 18      God: Sif Muna [......]
Gold 130         SH  0     Dex 12      Spells:  2 memorised,  4 levels left

rFire  . . .     SeeInvis .       - Unarmed
rCold  . . .     Clarity  .     (armour unavailable)
rNeg   . . .     Conserve .     (no shield)
rPois  .         rCorr    .     (helmet restricted)
rElec  .         rRot     .     (no cloak)
SustAb . .       Spirit   .     (no gloves)
rMut   .         Warding  .     f - +0 pair of boots
Saprov . . .     Stasis   .     (no amulet)
MR     .....                    (no ring)
                                t - ring of wizardry

@: confused, brilliant, mildly poisoned, not resistant to hostile enchantments,
very unstealthy
A: unfitting armour, AC +5
a: Renounce Religion


You were on level 3 of the Dungeon.
You worshipped Sif Muna.
Sif Muna was noncommittal.
You were not hungry.

You visited 1 branch of the dungeon, and saw 3 of its levels.

You collected 130 gold pieces.

Inventory:

Missiles
 b - 38 arrows
Armour
 f - a +0 pair of boots (worn)
Magical devices
 m - a wand of draining (7) {unknown}
Comestibles
 a - a bread ration
 n - 2 meat rations
 o - a beef jerky
 p - 11 strawberries
Scrolls
 c - 2 scrolls of remove curse {unknown}
 i - 3 scrolls of immolation {unknown}
 j - 2 scrolls of enchant armour {unknown}
 k - a scroll of amnesia {unknown}
 l - a scroll of magic mapping {unknown}
Jewellery
 t - a ring of wizardry (left hand)
Potions
 e - a potion of brilliance
 g - a potion of confusion
 h - 2 potions of curing {unknown}
 q - a potion of agility {unknown}
 r - a potion of paralysis {unknown}
 s - a potion of heal wounds {unknown}
Books
 d - a book of Changes

   Spells                             Type                      Level
   *Beastly Appendage                 Transmutation                1
   *Sticks to Snakes                  Transmutation                2
   Spider Form                        Transmutation/Poison         3
   Ice Form                           Ice/Transmutation            4
   Blade Hands                        Transmutation                5


   Skills:
 - Level 1.1 Fighting
 - Level 1.7 Dodging
 * Level 4.4 Unarmed Combat
 - Level 2.0 Spellcasting
 + Level 3.0 Transmutations


You had 4 spell levels left.
You knew the following spells:

 Your Spells              Type           Power        Failure   Level  Hunger
a - Beastly Appendage     Trmt           ###...       1%          1    #......
b - Sticks to Snakes      Trmt           ###.......   1%          2    ##.....


Dungeon Overview and Level Annotations

Branches:
Dungeon (3/16)

Altars:
Cheibriados
Dithmengos
Elyvilon
Fedhas
Kikubaaqudgha
Sif Muna
Trog
the Shining One


Message History

The iguana hisses angrily.
Found a robe.
Casting: Beastly Appendage
Confirm with . or Enter, or press ? or * to list all spells.
You don't know that spell.
Memorise Spider Form, consuming 3 spell levels and leaving 1?
You start memorising the spell.
You continue memorising.
Your horns disappear.
You continue memorising.
The iguana bites you!
Your memorisation is interrupted.
* * * LOW HITPOINT WARNING * * *
Drink which item? (? for menu, Esc to quit)
You feel clever all of a sudden.
It was a potion of brilliance.
The iguana closely misses you.
Drink which item? (? for menu, Esc to quit)
You are confused.
It was a potion of confusion.
* * * LOW HITPOINT WARNING * * *
You feel sick. The iguana bites you!
You die...

.............
...............
................
##.#............
.......%?........
.....!......l......
...........###.....#
........l#.#.......#
[..##.##@#.#.......###
....#.#.#...........
........#.#...........
.........#............
<......................
...........#..##...>..
#.##...........#......
#. ##.................
#.....#....#...###


You could see an iguana.

Vanquished Creatures
  3 adders
  4 giant cockroaches
  3 hobgoblins
  5 jackals (D:2)
  8 kobolds
  2 quokkas (D:2)
  5 bats
  A giant gecko (D:2)
  2 giant newts (D:2)
  7 goblins
  3 rats
43 creatures vanquished.

Notes
Turn   | Place    | Note
--------------------------------------------------------------
     0 | D:1      | Kae, the Draconian Transmuter, began the quest for the Orb.
     0 | D:1      | Reached XP level 1. HP: 16/16 MP: 3/3
   383 | D:1      | Reached XP level 2. HP: 23/23 MP: 4/4
   638 | D:2      | Learned a level 2 spell: Sticks to Snakes
   789 | D:2      | Reached XP level 3. HP: 21/28 MP: 6/6
   995 | D:2      | Reached skill level 4 in Unarmed Combat
  2011 | D:3      | Found a blossoming altar of Fedhas.
  2012 | D:3      | Found a bloodstained altar of Trog.
  2013 | D:3      | Found a deep blue altar of Sif Muna.
  2014 | D:3      | Found a glowing golden altar of the Shining One.
  2014 | D:3      | Found an ancient bone altar of Kikubaaqudgha.
  2015 | D:3      | Found a shadowy altar of Dithmengos.
  2015 | D:3      | Found a white marble altar of Elyvilon.
  2015 | D:3      | Found a snail-covered altar of Cheibriados.
  2032 | D:3      | Became a worshipper of Sif Muna the Loreminder
  2084 | D:3      | Reached XP level 4. HP: 21/35 MP: 7/7
  2093 | D:3      | Slain by an iguana

Action                   |  1- 3 |  4- 6 || total
-------------------------+-------+-------++-------
Melee: Unarmed           |   196 |       ||   196
 Cast: Beastly Appendage |     7 |       ||     7
  Use: Potion            |     1 |     2 ||     3
